 Dungeon Crawl Stone Soup version 0.31.0-9-g3a7656b989 (webtiles) character file.

Game seed: 8791566705092561087

170 qw the Ducker (level 5, -10/26 HPs)
             Began as a Spriggan Hunter on Feb 2, 2024.
             Killed by nerve-wracking pain
             ... invoked by an orc priest
              (12 damage)
             ... on level 3 of the Dungeon.
             The game lasted 00:00:09 (2440 turns).

qw the Ducker (Spriggan Hunter)                     Turns: 2440, Time: 00:00:09

Health: -10/26     AC:  2    Str:  7    XL:     5   Next: 26%
Magic:  6/6        EV: 20    Int: 11    God:
Gold:   122        SH:  0    Dex: 20    Spells: 4/4 levels left

rFire   . . .        a - +0 shortbow
rCold   . . .        (shield currently unavailable)
rNeg    . . .        c - +0 robe
rPois   .            (helmet restricted)
rElec   .            (no cloak)
rCorr   .            (gloves unavailable)
SInv    +            (boots unavailable)
Will    .....        (no amulet)
Stlth   ++           (no ring)
HPRegen 0.24/turn    (no ring)
MPRegen 0.10/turn

%: no passive effects
@: very quick
A: very small, no large weapons, unfitting armour, see invisible, speed 3
a: no special abilities


You were on level 3 of the Dungeon.
You visited 1 branch of the dungeon, and saw 3 of its levels.

You collected 122 gold pieces.


Innate Abilities, Weirdness & Mutations

You are very small and have problems with some larger weapons.
You are too small for most types of armour.
You have supernaturally acute eyesight. (SInv)
You cover ground extremely quickly. (Speed+++)


   Skills:
 - Level 2.2 Fighting
 + Level 5.2 Ranged Weapons
 - Level 5.2 Dodging
 - Level 1.5 Stealth


You had 4 spell levels left.
You didn't know any spells.
Your spell library was empty.

Inventory:

Hand Weapons
 a - a +0 shortbow (weapon)
Armour
 c - a +0 robe (worn)
Potions
 b - a potion of invisibility {unknown}
 d - a potion of haste
 e - a potion of resistance {unknown}
 f - a potion of heal wounds {unknown}

Dungeon Overview and Level Annotations

Branches:
Dungeon (3/15)

Altars:

Annotations:
D:2 exclusion: 2 kobolds


Message History

The orc wizard is moderately wounded.
You hear a shout! x2
An orc comes into view. It is wielding a +0 falchion.
You shoot an arrow. The arrow barely misses the orc.
You shoot an arrow. The arrow closely misses the orc.
The orc closely misses you.
An orc comes into view. It is wielding a +0 short sword.
The orc hits you but does no damage.
You shoot an arrow. The arrow hits the orc.
The orc is heavily wounded.
You hear a shout!
The orc hits you with a +0 falchion! The orc closely misses you.
You shoot an arrow. The arrow hits the orc.
The orc is severely wounded.
You hear a shout!
The orc hits you with a +0 falchion. The orc completely misses you.
You shoot an arrow. The arrow hits the orc!
You kill the orc!
The orc wizard casts a spell.
The orc wizard flickers and vanishes for a moment.
The orc closely misses you.
You shoot an arrow. The arrow hits the orc.
The orc is heavily wounded.
An orc priest comes into view. It is wielding a +0 club.
The orc hits you with a +0 falchion!
You shoot an arrow. The arrow hits the orc!
You kill the orc!
You shoot an arrow.
The arrow hits the orc priest but does no damage.
The orc priest hits you with a +0 club.
You shoot an arrow. The arrow barely misses the orc wizard.
An orc comes into view. It is wielding a +0 hand axe.
The orc wizard hits you with a +0 dagger.
The orc priest misses you.
You shoot an arrow. The arrow hits the orc wizard.
The orc wizard is heavily wounded.
The orc wizard completely misses you.
The orc priest calls down the wrath of Beogh upon you.
Pain shoots through your body!
You die...

## #....##### #.....
#...#.....# #.....
#.###.....#####.....
# #...#....##.....
#.#.###.........
#.#.#<#...#.....
#####'#.#.#.PP......
#.oo#.#.#....7......
#@#.#.#.P7_P.P#.##
#.#.#>#..7PP.P..#
#.#.#....P7.P.###
#...#......P.##
#####.....####
#....## #....#
#....# #....#


You could see an orc priest and an orc wizard (invisible).

Vanquished Creatures
  An orc priest (D:2)
  An orc wizard (D:3)
  3 adders (D:2)
  A gnoll (D:1)
  2 ribbon worms
  13 orcs
  7 ball pythons
  2 endoplasms
  A giant cockroach (D:1)
  2 goblins
  10 hobgoblins
  7 kobolds
  2 quokkas
  3 bats (D:1)
  2 frilled lizards
  6 rats
63 creatures vanquished.

Notes
Turn   | Place    | Note
-------+----------+-------------------------------------------
     0 | D:1      | qw the Spriggan Hunter began the quest for the Orb.
     0 | D:1      | Reached XP level 1. HP: 10/10 MP: 2/2
     0 | D:1      | 0 ||| qw: Version: 0.3-a-155-g5e7d8dd
     0 | D:1      | 0 ||| qw: Game counter: 2594
     0 | D:1      | 0 ||| qw: Melee chars always use a shield: true
     0 | D:1      | 0 ||| qw: God list: Okawaru
     0 | D:1      | 0 ||| qw: Allow faded altars: false
     0 | D:1      | 0 ||| qw: Do Orc after clearing Dungeon:15 true
     0 | D:1      | 0 ||| qw: Do second Lair branch before Depths: true
     0 | D:1      | 0 ||| qw: Lair rune preference: random
     0 | D:1      | 0 ||| qw: Goals: Normal
     0 | D:1      | 0 ||| PLANNING D:1-11
   123 | D:1      | Reached skill level 3 in Dodging
   255 | D:1      | Reached XP level 2. HP: 14/14 MP: 3/3
   500 | D:1      | Reached XP level 3. HP: 18/18 MP: 4/4
   872 | D:1      | 872 ||| DROPPING +6 ring of intelligence.
   873 | D:1      | 873 ||| READING scroll labelled NELEEDD JUMMI.
   874 | D:1      | 874 ||| READING scroll labelled VIULAPP JIYV.
   975 | D:1      | 975 ||| READING scroll labelled YRODWA VUTO.
   975 | D:1      | 975 ||| IDENTIFYING sapphire potion
   976 | D:1      | 976 ||| DROPPING scroll of butterflies.
  1363 | D:2      | Reached XP level 4. HP: 22/22 MP: 5/5
  1445 | D:2      | HP: 4/22 [orc priest/divine providence (15)]
  1843 | D:2      | 1843 ||| READING scroll labelled VETESTAIRR.
  1848 | D:2      | 1848 ||| READING scroll labelled RAMOSUIKHI.
  1849 | D:2      | 1849 ||| DRINKING 2 clear potions.
  1866 | D:2      | 1866 ||| DROPPING potion of lignification.
  2058 | D:3      | HP: 5/23 [orc wizard/+0 dagger (1)]
  2059 | D:3      | 2059 ||| READING scroll of teleportation.
  2061 | D:3      | Reached XP level 5. HP: 7/26 MP: 6/6
  2281 | D:3      | Found a faded altar of an unknown god.
  2288 | D:3      | 2288 ||| READING scroll labelled EWKUEG INAIB.
  2290 | D:3      | 2290 ||| Stepping ~*~*~tactically~*~*~ (cloud).
  2299 | D:3      | HP: 6/26 [poisoned by you (poison gas)]
  2438 | D:3      | HP: 5/26 [orc priest/+0 club (3)]
  2439 | D:3      | HP: 2/26 [orc wizard/+0 dagger (4)]
  2440 | D:3      | Killed from afar by an orc priest

Levels and vault maps discovered:
D:1:      dpeg_arrival_ternary, layout_loops_corners, corexii_leaking_fountain
D:2:      layout_loops_cross, chequers_big_river
D:3:      layout_basic, ebering_ecumenical_altar_petrified,
          roderic_serpentine_path

Skill      XL: |  1  2  3  4 |
---------------+-------------+-----
Dodging        | 3 4 5 |  5.2
Ranged Weapons | 5 |  5.2
Fighting       | 2 |  2.2
Stealth        | |  1.5

Action                     |  1- 3 |  4- 6 || total
---------------------------+-------+-------++-------
   Fire: Shortbow          |   134 |    83 ||   217
    Use: Scroll            |     3 |     4 ||     7
         Potion            |       |     1 ||     1
 Armour: Robe              |    14 |    15 ||    29
  Dodge: Dodged            |    41 |    39 ||    80

Table legend:
 A = Non-vault XP
 B = Vault XP
 C = Vault XP percentage of total XP
 D = Non-vault monster count
 E = Vault monster count
 F = Vault count percentage of total count
                 A         B        C        D         E       F
            +---------+---------+-------+---------+---------+-------
      Total |     244 |       0 |   0.0 |      63 |       0 |   0.0
            +---------+---------+-------+---------+---------+-------
        D:1 |      47 |       0 |   0.0 |      22 |       0 |   0.0
        D:2 |     123 |       0 |   0.0 |      25 |       0 |   0.0
        D:3 |      74 |       0 |   0.0 |      16 |       0 |   0.0
            +---------+---------+-------+---------+---------+-------
